 Dungeon Crawl Stone Soup version 0.29.1-13-g9f3cf754e1 (webtiles) character file.

Game seed: 10504303801184272677

29813 retardedninja the Cleaver (level 13, -3/186 HPs)
             Began as a Hill Orc Fighter on Jan 19, 2023.
             Was an Initiate of Gozag.
             Slain by a 17-headed hydra (5 damage)
             ... on level 4 of the Lair of Beasts.
             The game lasted 00:22:21 (19254 turns).

retardedninja the Cleaver (Hill Orc Fighter)       Turns: 19254, Time: 00:22:21

Health: -3/186     AC: 26    Str: 24    XL:     13   Next: 47%
Magic:  13/13      EV:  2    Int:  8    God:    Gozag
Gold:   1095       SH: 23    Dex: 10    Spells: 12/12 levels left

rFire   . . .      SeeInvis .   i - +5 broad axe (vorpal)
rCold   . . .      Faith    .   a - +2 tower shield
rNeg    . . .      Spirit   .   (body armour currently unavailable)
rPois   +          Reflect  +   (helmet currently unavailable)
rElec   .          Harm     .   (cloak currently unavailable)
rCorr   .          Rampage  .   (gloves currently unavailable)
Will    .....      NoTele   +   (boots currently unavailable)
Stlth   +.........              H - amulet of reflection
HPRegen 0.41/turn               r - +4 ring of evasion
MPRegen 0.13/turn               B - ring of poison resistance

@: tree-form, hasted, very quick
A: stationary, stasis, torment immunity, boosted hp, (sturdy frame 1)
a: Renounce Religion, Potion Petition, Call Merchant, Bribe Branch


You were on level 4 of the Lair of Beasts.
You worshipped Gozag.
Gozag was most pleased with you.
You were a tree.
You visited 3 branches of the dungeon, and saw 16 of its levels.
You also visited: Sewer.

You collected 3239 gold pieces.
You paid 2144 gold pieces to Gozag.

Inventory:

Hand Weapons
 i - a +5 vorpal broad axe (weapon)
 s - the +7 Throatcutter {drain, coup de grace}
   (You found it on level 3 of the Dungeon)

   A truly terrible weapon, it drains the life of any living foe it strikes.
   It may instantly kill foes which have little health.
Missiles
 F - 3 throwing nets (quivered)
Armour
 a - a +2 tower shield (worn)
 b - a +0 helmet (melded)
 g - a +2 cloak (melded)
 l - a +0 plate armour (melded)
 n - a +0 pair of boots (melded)
Jewellery
 e - a +6 ring of strength
 r - a +4 ring of evasion (left branch)
 B - a ring of poison resistance (right branch)
 H - an amulet of reflection (around neck)
Wands
 c - a wand of iceblast (13)
 q - a wand of flame (19)
 z - a wand of light (3)
 C - a wand of digging (7)
 G - a wand of charming (3)
Scrolls
 j - 3 scrolls of fog
 k - 2 scrolls of fear
 m - 2 scrolls of blinking
 p - a scroll of poison
 u - a scroll of identify
 v - a scroll of summoning
 y - 4 scrolls of teleportation
 E - a scroll of vulnerability
Potions
 f - 3 potions of flight
 h - 3 potions of brilliance
 o - 4 potions of curing
 t - a potion of ambrosia
 w - 2 potions of resistance
 A - a potion of lignification


   Skills:
 + Level 14.0 Fighting
 + Level 14.8 Axes
 + Level 12.9 Armour
 + Level 12.9 Shields


You had 12 spell levels left.
You didn't know any spells.
Your spell library contained the following spells:

 Spells                   Type           Power      Damage    Failure   Level
 Magic Dart               Conj           0%         1d3       89%         1
 Sandblast                Erth           0%         2d4       89%         1
 Summon Small Mammal      Summ           0%         N/A       89%         1
 Call Imp                 Summ           0%         N/A       96%         2
 Passwall                 Tmut/Erth      0%         N/A       96%         2
 Static Discharge         Conj/Air       0%         3-3/arc   96%         2
 Call Canine Familiar     Summ           0%         N/A       99%         3
 Dazzling Flash           Conj/Hex       0%         N/A       99%         3
 Mephitic Cloud           Conj/Pois/Air  0%         N/A       99%         3
 Portal Projectile        Hex/Tloc       0%         N/A       99%         3
 Stone Arrow              Conj/Erth      0%         3d7       99%         3
 Summon Guardian Golem    Hex/Summ       0%         N/A       99%         3
 Tukima's Dance           Hex            0%         N/A       99%         3
 Dispel Undead            Necr           0%         3d6       100%        4
 Iskenderun's Mystic Bla  Conj/Tloc      0%         2d3       100%        4
 Passage of Golubria      Tloc           0%         N/A       100%        4
 Sticky Flame             Conj/Fire      0%         2d3       100%        4
 Blade Hands              Tmut           0%         N/A       100%        5
 Summon Forest            Summ/Tloc      0%         N/A       100%        5
 Summon Mana Viper        Hex/Summ       0%         N/A       100%        5
 Yara's Violent Unravell  Hex/Tmut       0%         3d3       100%        5
 Starburst                Conj/Fire      0%         6d3       100%        6
 Summon Cactus Giant      Summ           0%         N/A       100%        6


Dungeon Overview and Level Annotations

Branches:
Dungeon (11/15)            Temple (1/1) D:6            Lair (4/5) D:9
 Shoals (0/4) Lair:2       Spider (0/4) Lair:2          Orc (0/2) D:11
  Sewer (visited)
  Slime: Lair:4-5

Altars:
Ashenzari
Cheibriados
Dithmenos
Elyvilon
Fedhas
Gozag
Hepliaklqana
Kikubaaqudgha
Makhleb
Nemelex Xobeh
Okawaru
Qazlal
Ru
Sif Muna
Trog
Uskayaw
Vehumet
Wu Jian
Xom
Yredelemnul
Zin
The Shining One

Shops:
D:8 (   D:11 (

Annotations:
D:7 5 runed translucent doors


Innate Abilities, Weirdness & Mutations

You are a tree.
Your roots penetrate the ground, keeping you stationary.
You cannot be teleported.
You are immune to unholy pain and torment.
Your maximum health is greatly increased.
Your equipment is partially melded.
((Your movements are slightly less encumbered by armour. (ER -2)))


Message History

You block the 15-headed hydra's attack. x2; The 15-headed hydra bites you!
* * * LOW HITPOINT WARNING * * *
The 15-headed hydra bites you but does no damage. x2
The 15-headed hydra bites you!
* * * LOW HITPOINT WARNING * * *
The 15-headed hydra bites you but does no damage. x3
The 15-headed hydra bites you.
* * * LOW HITPOINT WARNING * * *
The 15-headed hydra bites you.
* * * LOW HITPOINT WARNING * * *
The 15-headed hydra bites you but does no damage.
You block the 15-headed hydra's attack. x2
The 15-headed hydra bites you but does no damage.
You chop one of the 15-headed hydra's heads off!
The 14-headed hydra grows two more!
You slice the 16-headed hydra!!
The 16-headed hydra is almost dead.
You barely miss the 16-headed hydra.
The 16-headed hydra is almost dead.
The 16-headed hydra bites you but does no damage. x4
You block the 16-headed hydra's attack. x2
The 16-headed hydra bites you but does no damage. x3
You block the 16-headed hydra's attack. The 16-headed hydra bites you.
* * * LOW HITPOINT WARNING * * *
You block the 16-headed hydra's attack.
The 16-headed hydra bites you but does no damage. x2
The 16-headed hydra bites you.
* * * LOW HITPOINT WARNING * * *
The 16-headed hydra bites you but does no damage.
You chop one of the 16-headed hydra's heads off!
The 15-headed hydra grows two more!
You slice the 17-headed hydra!!
The 17-headed hydra is almost dead.
You block the 17-headed hydra's attack. x2
The 17-headed hydra bites you but does no damage. x3
The 17-headed hydra bites you.
* * * LOW HITPOINT WARNING * * *
You block the 17-headed hydra's attack.
The 17-headed hydra bites you but does no damage. x3
You block the 17-headed hydra's attack. x2; The 17-headed hydra bites you.
You die...
Your body crumbles into a pile of gold.

#.................#
.#....#.......###.#
##..##..P#..#.P#..#
.#...##.###...##..#
........# #....#..#
....#.P##
#.....#.###
....#...#
#.........#
.......##
#.....#.#...#
.........
.....#♣#.#.##
....#...P
.P#.##D.#..#
....#..#######
#.#.#.# .....#...#
#.###..# ........##
..# ## .#........
..# ###.....# ..#
##..#..## #...
........#


You could see a 17-headed hydra.

Vanquished Creatures
  4 hydras
  A boulder beetle (D:11)
  3 two-headed ogres
  Amaemon (Lair:3)
  3 cyclopes (D:11)
  5 elephants (Lair:4)
  2 black mambas
  A merfolk siren (Lair:2)
  Maurice (D:8)
  An orange demon (Lair:3)
  Maggie (D:7)
  A gargoyle (D:11)
  A komodo dragon (Lair:3)
  7 cane toads
  A rime drake (Lair:3)
  An unseen horror (D:7)
  A kobold demonologist (D:11)
  3 trolls
  A polar bear (Lair:1)
  Prince Ribbit (D:6)
  4 blink frogs (Lair:2)
  3 vampires
  44 yaks
  2 wraiths
  3 basilisks
  2 wyverns
  2 steam dragons
  13 water moccasins
  2 acid dragons
  10 orc warriors
  2 ogres
  2 ice beasts
  7 wolves
  A gnoll sergeant (D:6)
  3 necrophages
  10 bullfrogs
  6 kobold brigands
  3 scorpions
  4 elf skeletons (D:7)
  9 wights
  2 howler monkeys
  2 jellies (D:6)
  4 hounds
  Crazy Yiuf (D:7)
  7 orc priests
  Terence (D:3)
  3 human skeletons (D:7)
  2 iguanas
  6 orc wizards
  4 gnolls (D:6)
  22 adders
  4 river rats
  A white imp (D:6)
  8 worms
  3 dart slugs
  43 orcs
  6 ball pythons
  11 endoplasms
  8 giant cockroaches
  4 goblins
  7 hobgoblins
  2 jackals (Sewer)
  24 kobolds
  2 quokkas
  5 bats
  7 frilled lizards
  2 orc skeletons (D:7)
  2 orc zombies (D:7)
  11 rats
376 creatures vanquished.

Vanquished Creatures (others)
  8 fungi
  45 plants
53 creatures vanquished.

Grand Total: 429 creatures vanquished

Notes
Turn   | Place    | Note
-------+----------+-------------------------------------------
     0 | D:1      | retardedninja the Hill Orc Fighter began the quest for the
                  | Orb.
     0 | D:1      | Reached XP level 1. HP: 19/19 MP: 1/1
    60 | D:1      | Reached XP level 2. HP: 27/27 MP: 2/2
   414 | D:1      | Found a faded altar of an unknown god.
   601 | D:1      | Reached XP level 3. HP: 30/33 MP: 3/3
  2144 | D:3      | Reached XP level 4. HP: 40/40 MP: 4/4
  2367 | D:3      | Noticed Terence
  2386 | D:3      | Killed Terence
  2521 | D:3      | Reached XP level 5. HP: 40/47 MP: 5/5
  3139 | D:3      | Found the +7 Throatcutter {drain, coup de grace}
  3432 | D:3      | Found a glowing golden altar of the Shining One.
  3767 | D:4      | Reached skill level 5 in Fighting
  3810 | D:4      | Reached XP level 6. HP: 52/56 MP: 6/6
  4470 | D:5      | Entered Level 5 of the Dungeon
  4471 | D:5      | Identified a scroll of acquirement
  4471 | D:5      | Acquired a +3 vorpal broad axe
  4546 | D:5      | Reached skill level 5 in Axes
  4547 | D:5      | Reached skill level 5 in Armour
  4547 | D:5      | Reached skill level 5 in Shields
  4554 | D:5      | Reached XP level 7. HP: 61/61 MP: 7/7
  4878 | D:5      | Found a glowing drain.
  4889 | Sewer    | Entered a sewer
  5371 | Sewer    | Reached XP level 8. HP: 71/71 MP: 8/8
  5890 | D:5      | Found a shimmering altar of Xom.
  5890 | D:5      | Found a hazy altar of Hepliaklqana.
  5890 | D:5      | Found an ancient bone altar of Kikubaaqudgha.
  5893 | D:5      | Found a sacrificial altar of Ru.
  6230 | D:6      | Found a white marble altar of Elyvilon.
  6256 | D:6      | Found a staircase to the Ecumenical Temple.
  6302 | Temple   | Entered the Ecumenical Temple
  6543 | Temple   | Became a worshipper of Gozag Ym Sagoz the Greedy
  6747 | D:6      | Found a sparkling altar of Nemelex Xobeh.
  6816 | D:6      | Found a glowing silver altar of Zin.
  6820 | D:6      | Noticed Prince Ribbit
  6827 | D:6      | Killed Prince Ribbit
  7109 | D:6      | Reached XP level 9. HP: 71/79 MP: 9/9
  7185 | D:6      | Found a broken altar of Ashenzari.
  7764 | D:7      | Found a runed translucent door.
  7780 | D:7      | Found the +9 staff of Olgreb {rPois∞}
  7792 | D:7      | Noticed Maggie
  7805 | D:7      | Killed Maggie
  7924 | D:7      | Found a runed translucent gate.
  7924 | D:7      | Found a runed translucent gate.
  7925 | D:7      | Found a runed translucent door.
  7936 | D:7      | Found a runed translucent gate.
  8662 | D:7      | Found a runed translucent door.
  8663 | D:7      | Noticed Crazy Yiuf
  8784 | D:7      | Reached XP level 10. HP: 91/91 MP: 10/10
  9045 | D:7      | Killed an unseen horror
  9257 | D:7      | Killed Crazy Yiuf
  9403 | D:8      | Found Kimiosut's Weapon Emporium.
  9695 | D:8      | Reached skill level 10 in Axes
  9777 | D:8      | Noticed Maurice
  9787 | D:8      | Killed Maurice
  9853 | D:8      | Found a shadowy altar of Dithmenos.
  9994 | D:9      | Reached skill level 10 in Fighting
 10265 | D:9      | Found a staircase to the Lair.
 10546 | D:9      | Reached XP level 11. HP: 101/101 MP: 11/11
 11040 | D:10     | Entered Level 10 of the Dungeon
 11067 | D:10     | Found a hide-covered altar of Uskayaw.
 11082 | D:10     | Reached skill level 10 in Shields
 11084 | D:10     | Reached skill level 10 in Armour
 11588 | D:10     | Noticed a two-headed ogre
 11593 | D:10     | Killed a two-headed ogre
 11723 | D:10     | Identified the +0 chain mail "Rolipru" {-Tele rF++ rC+}
 11734 | D:10     | Noticed a two-headed ogre
 11748 | D:10     | Killed a two-headed ogre
 13069 | D:11     | Noticed a two-headed ogre
 13083 | D:11     | Killed a two-headed ogre
 13217 | D:11     | Found Apebiom's Weapon Emporium.
 13219 | D:11     | Found a staircase to the Orcish Mines.
 13825 | D:11     | Noticed a cyclops
 13830 | D:11     | Killed a cyclops
 13882 | D:11     | Noticed a cyclops
 13891 | D:11     | Killed a cyclops
 13892 | D:11     | Reached XP level 12. HP: 110/112 MP: 12/12
 13897 | D:11     | Noticed a soul eater
 14076 | D:11     | Noticed a boulder beetle
 14114 | D:11     | Killed a boulder beetle
 15102 | Lair:1   | Entered Level 1 of the Lair of Beasts
 15830 | Lair:2   | Found a hole to the Spider Nest.
 16952 | Lair:2   | Found a staircase to the Shoals.
 17887 | Lair:3   | Reached XP level 13. HP: 121/122 MP: 13/13
 17994 | Lair:3   | Noticed Amaemon
 18007 | Lair:3   | Killed Amaemon
 19150 | Lair:4   | Gained mutation: Your movements are slightly less
                  | encumbered by armour. (ER -2) [potion of mutation]
 19253 | Lair:4   | HP: 8/186 [16-headed hydra (3)]
 19254 | Lair:4   | HP: 2/186 [17-headed hydra (6)]
 19254 | Lair:4   | Slain by a 17-headed hydra

Illustrated notes

Levels and vault maps discovered:
D:1:      dpeg_arrival_rhombus, layout_rooms,
          ebering_ecumenical_altar_sacrificial
D:2:      layout_loops_ring, nrook_mini_backslash, minivault_19
D:3:      layout_loops_ring, nicolae_tso_swordbearing_angel,
          nicolae_concentric_dashed_squares_mild, uniq_terence
D:4:      layout_basic
D:5:      layout_layer_cave, minitemple, portal_sewer_entry_b,
          grunt_decor_resistance
D:6:      layout_basic, old_standard_altar, nemelex_altar_shiori,
          kennysheep_little_box, elyvilon_altar_3, minmay_temple_entry_grid,
          minmay_a_box_with_orc_wizards_in_it, uniq_prince_ribbit1
D:7:      layout_gridville, nicolae_ossuary_entry_catacombs,
          grunt_ministairs_15, minmay_guarded_unrand_staff_of_olgreb,
          uniq_crazy_yiuf_cottage, uniq_maggie
D:8:      layout_basic, general_overflow_altar, serial_shops, shop,
          chequers_jeans, nicolae_figureground_sparkle, uniq_maurice
D:9:      layout_rooms, dpeg_oklobed_lair, nrook_uturn
D:10:     layout_irregular_city, mainiacjoe_overflow_tiny_flanked
D:11:     layout_long_grid, orc_david_3
Temple:   bh_familiar_temple
Lair:1:   hellmonk_destroyed_diamonds, layout_regular_city,
          grunt_forest_small_clearing_treed
Lair:2:   layout_layer_cave, minmay_shoals_entry_lonely_mermaid,
          nicolae_spider_entry_non_spiders, nicolae_lair_grazing_beasts
          [nicolae_sub_lair_graze_edge, nicolae_sub_lair_graze_edge,
          nicolae_sub_lair_graze_edge, nicolae_sub_lair_graze_edge],
          grunt_megastairs_3, infiniplex_staircase_pool_2
Lair:3:   layout_regular_city, beast_lair_carwin_5, uniq_amaemon
Lair:4:   layout_loops_ring, minmay_slime_entry_oklob_enclosed,
          cheibrodos_lair_reptile_den, lemuel_fruit_fields

Skill      XL: |  1  2  3  4  5  6  7  8  9 10 11 12 13 |
---------------+----------------------------------------+-----
Axes           | 3 4 5 6 7 9 11 12 14 | 14.8
Fighting       | 4 5 6 7 9 10 11 13 14 | 14.0
Shields        | 4 5 6 8 9 11 12 | 12.9
Armour         | 4 5 6 8 9 10 12 | 12.9

Action                   |  1- 3 |  4- 6 |  7- 9 | 10-12 | 13-15 || total
-------------------------+-------+-------+-------+-------+-------++-------
Melee: War axe           |    76 |   167 |       |       |       ||   243
       Broad axe         |       |    10 |   324 |   501 |   117 ||   952
Invok: Potion Petition   |       |       |       |     1 |     3 ||     4
  Use: Scroll            |       |     2 |    17 |    10 |       ||    29
       Potion            |       |     1 |     2 |     8 |     7 ||    18
 Stab: Distracted        |       |       |     1 |     3 |       ||     4
       Invisible         |       |       |       |       |     2 ||     2
Armor: Scale mail        |    27 |       |       |       |       ||    27
       Chain mail        |    12 |    81 |   134 |   177 |       ||   404
       Plate armour      |       |       |       |    17 |    89 ||   106
       Skin              |       |       |       |       |    92 ||    92
Dodge: Dodged            |    25 |    81 |   121 |   139 |    53 ||   419
Block: Buckler           |    13 |    48 |    49 |       |       ||   110
       Tower shield      |       |       |    76 |   494 |   270 ||   840
       Reflection        |       |       |       |     7 |       ||     7
